 Dungeon Crawl Stone Soup version 0.29.0-7-g18a832c13a (webtiles) character file.

Game seed: 10863862965878859470

7 browni3141 the Sneak (level 2, 0/26 HPs)
             Began as a Meteoran Delver on Aug 31, 2022.
             Slain by a worm (9 damage)
             ... on level 3 of the Dungeon.
             The game lasted 00:02:40 (194 turns).

browni3141 the Sneak (Meteoran Delver)               Turns: 194, Time: 00:02:41

Health: 0/26       AC:  3    Str: 13    XL:     2   Next: 17%
Magic:  3/3        EV: 12    Int: 11    God:
Gold:   12         SH:  0    Dex: 15    Spells: 1/1 levels left

rFire   . . .      SeeInvis .   a - +0 mace
rCold   . . .      Faith    .   (no shield)
rNeg    . . .      Spirit   .   b - +0 leather armour
rPois   .          Reflect  .   (no helmet)
rElec   .          Harm     .   (no cloak)
rCorr   .          Rampage  .   (no gloves)
Will    .....                   (no boots)
Stlth   +.........              (no amulet)
HPRegen 0.08/turn               (no ring)
MPRegen 0.08/turn               (no ring)

@: glowing
A: sense surroundings 1, otherworldly, glowing, explore regen
a: no special abilities


You were on level 3 of the Dungeon.
You visited 1 branch of the dungeon, and saw 4 of its levels.

You collected 12 gold pieces.


Innate Abilities, Weirdness & Mutations

You passively map a small area around you.
You are easily found by Zot.
You glow in the dark.
You regain HP and MP as you explore.


   Skills:
 - Level 3.2 Fighting
 * Level 3.6 Maces & Flails
 - Level 2.4 Dodging
 - Level 3.7 Stealth


You had one spell level left.
You didn't know any spells.
Your spell library was empty.

Inventory:

Hand Weapons
 a - a +0 mace (weapon)
Armour
 b - a +0 leather armour (worn)
Wands
 g - a wand of digging (3)
Scrolls
 c - a scroll of fog {@r5}
Potions
 d - a potion of resistance {unknown}

Dungeon Overview and Level Annotations

Branches:
Dungeon (6/15) Zot: 2216   Temple (0/1) D:4

Altars:
Okawaru

Annotations:
D:3 Terence
D:4 exclusion: scorpion

##### #@wr##
###Z.# ###
##.### .... ?
#...#####....
###........^.
#[.........
##.........
#........g
#.........,


You could see a worm, a hound zombie and a rat.


Message History

You hit the worm.
The worm is moderately wounded.
The worm bites you.
You barely miss the worm.
The worm is moderately wounded.
The worm barely misses you.
You hit the worm.
The worm is heavily wounded.
You hit the worm.
The worm is severely wounded.
The worm bites you.
* * * LOW HITPOINT WARNING * * *
You are too injured to fight recklessly!
You are too injured to fight recklessly!
You are too injured to fight recklessly!
You are too injured to fight recklessly!
You are too injured to fight recklessly!
You hit the worm but do no damage.
The worm is heavily wounded.
The worm completely misses you.
You completely miss the worm.
The worm is heavily wounded.
The worm bites you.
* * * LOW HITPOINT WARNING * * *
You hit the worm.
The worm is severely wounded.
You hit the worm but do no damage.
The worm is severely wounded.
The worm bites you!
You die...

Skill      XL: |  1 |
---------------+----+-----
Maces & Flails | 3 |  3.6
Fighting       | |  3.2
Dodging        | |  2.4
Stealth        | |  3.7

Action                   || total
-------------------------++-------
Melee: Mace              ||    31
  Use: Scroll            ||     2
       Potion            ||     1
 Stab: Fleeing           ||     1
Armor: Leather armour    ||     6
Dodge: Dodged            ||    23

Levels and vault maps discovered:
D:3:      layout_rooms, lemuel_zombie_altar_kikubaaqudgha,
          nicolae_yredelemnul_corpse_copse, minmay_misc_feat_square,
          wander_ebering_terrifying_dragon_lair, uniq_terence
D:4:      layout_cave_pools, minmay_temple_entry_nine_rooms,
          uniq_crazy_yiuf_cottage
D:5:      layout_basic, nicolae_overflow_crystal_walls,
          mainiacjoe_overflow_paths
D:6:      layout_basic, grunt_temple_overflow_lords_of_destruction,
          skrybe_limestone_x, kennysheep_generic_room_11, uniq_pikel

Notes
Turn   | Place    | Note
-------+----------+-------------------------------------------
     0 | D:5      | browni3141 the Meteoran Delver began the quest for the Orb.
     0 | D:5      | Reached XP level 1. HP: 19/19 MP: 2/2
    12 | D:4      | Noticed a necrophage
    22 | D:5      | Reached skill level 3 in Maces & Flails
    38 | D:5      | Found an iron altar of Okawaru.
    39 | D:5      | Noticed an orc wizard
    59 | D:4      | Noticed an ogre
    71 | D:4      | Noticed a scorpion
   103 | D:3      | Reached XP level 2. HP: 16/26 MP: 3/3
   104 | D:3      | Noticed Terence
   194 | D:3      | Slain by a worm

Vanquished Creatures
  An orc (D:5)
  An endoplasm (D:3)
  A hobgoblin (D:3)
  A ball python zombie (D:3)
  A frilled lizard (D:3)
  A quokka zombie (D:3)
6 creatures vanquished.

Table legend: (Time is in decaauts)
 A = Elapsed time spent in this place.
 B = Non-inter-level travel time spent in this place.
 C = Inter-level travel time spent in this place.
 D = Time resting spent in this place.
 E = Time spent auto-exploring this place.
 F = Levels seen in this place.
 G = Mean time per level.
                   A        B        C        D        E       F      G
               +--------+--------+--------+--------+--------+-----+--------+
         Total |    182 |    182 |      0 |      0 |      0 |   4 |   45.5 |
       Dungeon |    182 |    182 |      0 |      0 |      0 |   4 |   45.5 |
               +--------+--------+--------+--------+--------+-----+--------+

Top non-repeatable levels by time:
     D:3: 87 daAuts
     D:5: 55 daAuts
     D:4: 37 daAuts
     D:6: 1 daAuts

Table legend:
 A = Non-vault XP
 B = Vault XP
 C = Vault XP percentage of total XP
 D = Non-vault monster count
 E = Vault monster count
 F = Vault count percentage of total count
                 A         B        C        D         E       F
            +---------+---------+-------+---------+---------+-------
      Total |       8 |       2 |  20.0 |       4 |       2 |  33.3
            +---------+---------+-------+---------+---------+-------
        D:3 |       5 |       2 |  28.6 |       3 |       2 |  40.0
        D:5 |       3 |       0 |   0.0 |       1 |       0 |   0.0
            +---------+---------+-------+---------+---------+-------
